[Event "Overnight Daily SuperBlitz Arena"]
[Site "https://chessrook.com/A1BCw4yrVS"]
[Date "2025.04.04"]
[White "opportunity_computer20"]
[Black "severalhz"]
[Result "0-1"]
[WhiteElo "1467"]
[BlackElo "1699"]
[PlyCount "80"]
[Variant "Standard"]
[TimeControl "180+0"]
[ECO "D04"]
[Opening "Queen's Pawn Game: Colle System"]
[Termination "Normal"]
[Annotator "chessrook.com"]

1. d4 Nf6 2. e3 d5 3. Nf3 { D04 Queen's Pawn Game: Colle System } Nbd7 4. Nc3 c6 5. Bd3 h6 6. Bd2 e6 7. Ne5 Bb4 8. O-O O-O 9. Ne2 Be7 10. c4 Qc7 11. Bc3 Nxe5 12. c5 Nxd3 13. Qxd3 Ng4 14. g3 Rd8 15. b3 Nf6 16. Kg2 Bd7 17. Rad1 b6 18. Nf4 Bc8 19. Bb4 Qb8 20. h4 Nd7 21. Qc2 e5 22. Nd3 e4 23. Nf4 Nf6 24. f3 Bf5 25. Qf2 a5 26. Bc3 exf3+ 27. Kh1 Ne4 28. Qxf3 Nxc3 29. Ne2 Nxe2 30. Kg2 Be4 31. Kh2 Bxf3 32. Rxf3 b5 33. Rdf1 Nxg3 34. Rb1 Ne4+ 35. Kg1 Nc3 36. Ra1 a4 37. Kf1 Qh2 38. Re1 Bxh4 39. Rg3 Bxg3 40. a3 Qh1# { White is checkmated } 0-1